 Dungeon Crawl Stone Soup version 0.27-a0-1325-g58a489ad9e (webtiles) character file.

Game seed: 7518593608644428742

333 funkygono the Firebug (level 6, -2/34 HPs)
             Began as a Gargoyle Fire Elementalist on June 24, 2021.
             Slain by a hornet (10 damage)
             ... on level 4 of the Dungeon.
             The game lasted 00:07:26 (4730 turns).

funkygono the Firebug (Gargoyle Fire Elementalist)  Turns: 4730, Time: 00:07:27

Health: -2/34      AC: 39    Str: 11    XL:     6   Next: 52%
Magic:  11/11      EV:  5    Int: 18    God:
Gold:   116        SH:  0    Dex: 10    Spells: 4/12 levels left

rFire    . . .     SeeInvis .   b - +1 mace
rCold    . . .     Faith    .   (no shield)
rNeg     + . .     Spirit   .   j - +27 Lear's hauberk
rPois    ∞         Reflect  .   (helmet currently unavailable)
rElec    +         Harm     .   (no cloak)
rCorr    .         Rampage  .   (gloves currently unavailable)
Will     .....                  (boots currently unavailable)
Stlth    ..........             (no amulet)
HPRegen  0.11/turn              (no ring)
MPRegen  0.12/turn              (no ring)

@: no status effects
A: sickness immunity, AC +4, negative energy resistance 1, electricity
resistance, torment resistance 1, petrification resistance
a: no special abilities


You were on level 4 of the Dungeon.
You visited 1 branch of the dungeon, and saw 4 of its levels.

You collected 116 gold pieces.

Inventory:

Hand Weapons
 b - a +1 mace (weapon)
Missiles
 d - 63 stones
Armour
 a - a +0 robe
 h - a +1 helmet
 j - the +27 Lear's hauberk (worn)
   (You found it on level 4 of the Dungeon)
Scrolls
 i - a scroll of fear {unknown}
 k - a scroll of noise {unknown}
Potions
 c - 2 potions of haste {unknown}
 e - a potion of resistance
 f - 2 potions of curing {unknown}
 g - 2 potions of heal wounds {unknown}


   Skills:
 + Level 1.0 Fighting
 + Level 1.1 Maces & Flails
 + Level 2.3 Dodging
 - Level 2.1 Stealth
 + Level 3.6 Spellcasting
 + Level 3.1 Conjurations
 + Level 4.6 Fire Magic


You had 4 spell levels left.
You knew the following spells:

 Your Spells              Type           Power      Damage    Failure   Level
a - Foxfire               Conj/Fire      68%        2x1d7     89%         1
b - Conjure Flame         Conj/Fire      17%        6-21      99%         3
c - Sticky Flame          Conj/Fire      17%        2d4       100%        4

Your spell library contained the following spells:

 Spells                   Type           Power      Damage    Failure   Level
 Magic Dart               Conj           56%        1d5       95%         1
 Blink                    Tloc           N/A        N/A       100%        2
 Call Imp                 Summ           3%         N/A       100%        2
 Slow                     Hex            3%         N/A       100%        2
 Inner Flame              Hex/Fire       11%        N/A       100%        3
 Mephitic Cloud           Conj/Pois/Air  7%         N/A       100%        3
 Fireball                 Conj/Fire      8%         3d6       100%        5


Dungeon Overview and Level Annotations

Branches:
Dungeon (4/15)
 Temple: D:4-7

Altars:
Dithmenos
Elyvilon

Annotations:
D:4 3 runed translucent doors, askman's ghost, amateur DsFi


Innate Abilities, Weirdness & Mutations

You are immune to sickness and miasma.
Your stone body is resilient. (AC +4)
You are immune to poison.
You resist negative energy. (rN+)
You are resistant to electric shocks. (rElec)
You are resistant to unholy torment.
You are immune to petrification.


Message History

The hornet barely misses you.
You barely miss the hornet.
The hornet stings you but does no damage.
The hornet barely misses you.
You hit the hornet.
The hornet is lightly wounded.
The hornet stings you but does no damage. x2
You miss the hornet.
The hornet is lightly wounded.
The hornet stings you but does no damage. x2
You hit the hornet.
The hornet is moderately wounded.
The hornet stings you but does no damage. x2
You barely miss the hornet.
The hornet is moderately wounded.
The hornet stings you.
The hornet stings you but does no damage.
You hit the hornet but do no damage.
The hornet is moderately wounded.
The hornet stings you but does no damage. x2
You closely miss the hornet.
The hornet is moderately wounded.
The hornet barely misses you. x2
You closely miss the hornet.
The hornet is moderately wounded.
The hornet stings you but does no damage.
The hornet closely misses you.
You miss the hornet.
The hornet is moderately wounded.
The hornet stings you but does no damage.
The hornet closely misses you.
You hit the hornet but do no damage.
The hornet is moderately wounded.
The hornet stings you but does no damage.
The hornet stings you.
* * * LOW HITPOINT WARNING * * *
Your Lear's hauberk prevents you from hitting the hornet.
The hornet is lightly wounded.
The hornet stings you!
You die...

#.+.(...##....#
#.#...♣.# #...##
#.#(..(.# ##...# ##
######### ##..##.#
##....# #...##
##..# ##y# #@##
##.# ##.# ####.##
###....##
####.......#
#####.........##
####.............#
#............###..#


You could see a hornet.

Vanquished Creatures
  A necrophage (D:4)
  A phantom (D:4)
  An orc wizard (D:2)
  Robin (D:2)
  4 adders
  2 worms
  3 dart slugs
  7 orcs
  3 ball pythons
  7 endoplasms
  2 giant cockroaches
  9 goblins
  7 hobgoblins
  11 jackals
  2 quokkas (D:1)
  2 bats
  5 frilled lizards
  7 kobolds
  2 rats
77 creatures vanquished.

Vanquished Creatures (others)
  248 foxfires
248 creatures vanquished.

Grand Total: 325 creatures vanquished

Notes
Turn   | Place    | Note
-------+----------+-------------------------------------------
     0 | D:1      | funkygono the Gargoyle Fire Elementalist began the quest
                  | for the Orb.
     0 | D:1      | Reached XP level 1. HP: 10/10 MP: 3/3
   326 | D:1      | Found a faded altar of an unknown god.
   406 | D:1      | Reached XP level 2. HP: 15/15 MP: 1/5
  1225 | D:2      | Found a shadowy altar of Dithmenos.
  1327 | D:2      | Reached XP level 3. HP: 13/19 MP: 0/6
  1442 | D:2      | Learned a level 3 spell: Conjure Flame
  1884 | D:2      | Noticed Robin
  2325 | D:2      | Reached XP level 4. HP: 24/24 MP: 4/7
  2693 | D:2      | Killed Robin
  2707 | D:2      | Reached skill level 4 in Fire Magic
  2873 | D:2      | Learned a level 4 spell: Sticky Flame
  3104 | D:2      | Reached XP level 5. HP: 24/28 MP: 9/9
  4029 | D:4      | Noticed a necrophage
  4036 | D:4      | Killed a necrophage
  4037 | D:4      | Reached XP level 6. HP: 33/33 MP: 3/11
  4049 | D:4      | Reached skill level 1 in Maces & Flails
  4136 | D:4      | Found a white marble altar of Elyvilon.
  4298 | D:4      | Found a runed translucent gate.
  4298 | D:4      | Found a runed translucent gate.
  4298 | D:4      | Found a runed translucent gate.
  4301 | D:4      | Noticed askman's ghost (amateur DsFi)
  4388 | D:4      | Reached skill level 1 in Fighting
  4512 | D:4      | Found the +27 Lear's hauberk
  4706 | D:4      | Noticed a hornet
  4730 | D:4      | Slain by a hornet

Illustrated notes

Levels and vault maps discovered:
D:1:      lemuel_arrival_rhombus, layout_basic, ebering_ecumenical_altar_rust
D:2:      layout_loops_ring, basic_altar, uniq_robin
D:3:      layout_loops_ring
D:4:      layout_cave_pods, trog_antimagical, elyvilon_altar_5,
          ebering_ghost_rock_garden

Skill      XL: |  1  2  3  4  5  6 |
---------------+-------------------+-----
Dodging        | 2 |  2.3
Conjurations   | 2 3 |  3.1
Fire Magic     | 4 |  4.6
Spellcasting   | 3 |  3.6
Maces & Flails | 1 |  1.1
Fighting       | 1 |  1.0
Stealth        | |  2.1

Action                   |  1- 3 |  4- 6 || total
-------------------------+-------+-------++-------
Melee: Mace              |    22 |    41 ||    63
 Cast: Foxfire           |    57 |    94 ||   151
  Use: Scroll            |     2 |     1 ||     3
Armor: Robe              |    15 |    22 ||    37
       Chain mail        |       |    19 ||    19
Dodge: Dodged            |    30 |    39 ||    69

Table legend: (Time is in decaauts)
 A = Elapsed time spent in this place.
 B = Non-inter-level travel time spent in this place.
 C = Inter-level travel time spent in this place.
 D = Time resting spent in this place.
 E = Time spent auto-exploring this place.
 F = Levels seen in this place.
 G = Mean time per level.
                   A        B        C        D        E       F      G
               +--------+--------+--------+--------+--------+-----+--------+
         Total |   4757 |   4662 |     95 |    505 |   3319 |   4 | 1189.2 |
       Dungeon |   4757 |   4662 |     95 |    505 |   3319 |   4 | 1189.2 |
               +--------+--------+--------+--------+--------+-----+--------+

Top non-repeatable levels by time:
     D:2: 1670 daAuts
     D:1: 1504 daAuts
     D:4: 832 daAuts
     D:3: 751 daAuts
